 Dungeon Crawl Stone Soup version 0.25.1-2-g60ff931df9 (webtiles) character file.

Game seed: 14475189310378747526

4809 H0rd4k the Martial Artist (level 10, 0/63 HPs)
             Began as an Octopode Transmuter on Aug 4, 2020.
             Was an Initiate of Gozag.
             Slain by a wyvern skeleton (16 damage)
             ... on level 10 of the Dungeon.
             The game lasted 00:20:53 (13379 turns).

H0rd4k the Martial Artist (Octopode Transmuter)    Turns: 13379, Time: 00:20:53

Health: 0/63       AC:  1    Str: 10    XL:     10   Next: 48%
Magic:  19/20      EV: 15    Int: 19    God:    Gozag
Gold:   1054       SH:  0    Dex: 12    Spells: 11/22 levels left

rFire    . . .     SeeInvis .     - Unarmed
rCold    + . .     Gourm    .   (no shield)
rNeg     + . .     Faith    +   (helmet restricted)
rPois    +         Spirit   .   x - amulet of faith
rElec    .         Reflect  .   d - ring of poison resistance
rCorr    .         Harm     .   t - ring of protection from fire
MR       .....                  B - ring of ice
Stlth    ++++......             C - ring of positive energy
HPRegen  0.20/turn              (no ring)
MPRegen  0.17/turn              (no ring)
                                (no ring)
                                (no ring)

@: appendage, gold aura
A: almost no armour, stealthy swim, amphibious, 8 rings, constrict 8, tentacle
spike 3, camouflage 1, gelatinous body 1
a: End Transformation, Potion Petition, Call Merchant, Bribe Branch, Renounce
Religion


You were on level 10 of the Dungeon.
You worshipped Gozag.
Gozag was most pleased with you.
You were very hungry.
One of your tentacles had a temporary spike.
You visited 2 branches of the dungeon, and saw 11 of its levels.

You collected 1100 gold pieces.
You paid 46 gold pieces to Gozag.

Inventory:

Missiles
 a - 130 arrows
 u - 35 poisoned darts (quivered)
Jewellery
 d - a ring of poison resistance (left tentacle)
 t - a ring of protection from fire (right tentacle)
 x - an amulet of faith (around mantle)
 B - a ring of ice (on tentacle)
 C - a ring of positive energy (on tentacle)
Wands
 g - a wand of disintegration (15)
 q - a wand of polymorph (10)
 z - a wand of random effects (20)
 H - a wand of clouds (6)
 I - a wand of flame (7)
Scrolls
 e - 5 scrolls of teleportation
 f - a scroll of magic mapping {unknown}
 i - 2 scrolls of fog {unknown}
 k - 3 scrolls of enchant armour {unknown}
 l - a scroll of immolation {unknown}
 m - 3 scrolls of enchant weapon
 o - 2 scrolls of fear
 v - 2 scrolls of amnesia {unknown}
 w - 6 scrolls of remove curse
 y - a scroll of holy word {unknown}
 D - 2 scrolls of noise {unknown}
 F - a scroll of blinking {unknown}
 G - a scroll of random uselessness {unknown}
Potions
 b - a potion of degeneration {unknown}
 j - a potion of cancellation {unknown}
 n - 2 potions of curing
 p - 2 potions of experience {unknown}
 r - 2 potions of haste {unknown}
 s - 3 potions of flight {unknown}
 A - 3 potions of stabbing
 E - a potion of mutation {unknown}
Miscellaneous
 J - a phantom mirror
Comestibles
 c - 9 rations


   Skills:
 + Level 3.0 Fighting
 + Level 5.1 Dodging
 + Level 6.6 Stealth
 + Level 9.6 Unarmed Combat
 * Level 6.7 Spellcasting
 * Level 6.4 Transmutations
 + Level 1.8 Poison Magic
 + Level 0.3 Evocations


You had 11 spell levels left.
You knew the following spells:

 Your Spells              Type           Power        Failure   Level  Hunger
a - Beastly Appendage     Tmut           ####..       1%          1    None
b - Sticks to Snakes      Tmut           ####....     1%          2    None
c - Spider Form           Tmut/Pois      ###.......   6%          3    ##.....
d - Blade Hands           Tmut           ####......   21%         5    #####..

Your spell library contained the following spells:

 Spells                   Type           Power        Failure   Level  Hunger
 Ice Form                 Ice/Tmut       ####....     28%         4    ####...


Dungeon Overview and Level Annotations

Branches:
Dungeon (10/15)            Temple (1/1) D:4
   Lair: D:8-11         Orc: D:9-12

Altars:
Ashenzari
Cheibriados
Dithmenos
Elyvilon
Fedhas
Gozag
Hepliaklqana
Kikubaaqudgha
Makhleb
Nemelex Xobeh
Okawaru
Qazlal
Ru
Sif Muna
Trog
Uskayaw
Vehumet
Wu Jian
Xom
Yredelemnul
Zin
The Shining One

Shops:
D:6 (

Annotations:
D:2 exclusion: downstairs
D:4 exclusion: downstairs
D:5 exclusion: 2 downstairs
D:6 exclusion: orc warrior
D:7 exclusion: 2 hippogriffs
D:8 exclusion: downstairs, Harold
D:10 exclusion: sky beast


Innate Abilities, Weirdness & Mutations

You cannot wear most types of armour.
You are very stealthy in the water. (Stealth+)
You are amphibious.
You can wear up to eight rings at the same time.
You can use your tentacles to constrict eight enemies at once.
Your skin changes colour to match your surroundings (Stealth+).
Your rubbery body absorbs attacks. (AC +1, EV +1)
One of your tentacles bears a large vicious spike.


Message History

Press: ? - help, Dir - move target cursor, f - raiju
Aim: a raiju You create a blast of flame!
The wyvern skeleton is engulfed in blazing flames.
The raiju is engulfed in blazing flames.
The raiju bursts into living lightning!
The living lightning hits you!
* * * LOW HITPOINT WARNING * * *
The raiju blinks!
You feel better.
The jelly is engulfed in blazing flames.
You kill the jelly!
The wyvern skeleton is engulfed in blazing flames.
The wyvern skeleton bites you.
* * * LOW HITPOINT WARNING * * *
You feel better.
The wyvern skeleton is engulfed in blazing flames.
The wyvern skeleton bites you!
You die...
Your body crumbles into a pile of gold.

. #. #. # $ #.. >###
#.h.## .... ...#. ###
.... ..... ... $ ..8.
#..#.###.# .....
#..##@#.# .....#.
#..###Z### .#....
#..#..§§.# .....#
#.###..#.#r#§# .#.#.#
#........#.#§§.Yh# $
.....#
#####..#.#.#.#.###
...#.###......#.#.#%#...
..............###.###
#.# ..............# ...
#.(


You could see a raiju, a quokka and a wyvern skeleton.

Vanquished Creatures
  A troll (D:10)
  4 humans
  A spriggan (D:9)
  4 orc warriors
  A black bear (D:6)
  A necrophage (D:10)
  6 ogres
  3 phantoms
  5 centaurs
  7 bullfrogs
  4 scorpions
  A howler monkey (D:4)
  9 crimson imps
  4 orc priests
  A hound (D:8)
  2 jellies
  A bullfrog skeleton (D:8)
  A centaur skeleton (D:5)
  2 iguanas
  8 orc wizards
  Natasha (thrice) (D:3)
  9 worker ants
  A hound zombie (D:10)
  A worker ant zombie (D:10)
  12 adders
  4 gnolls (D:8)
  A shadow imp (D:8)
  5 oozes
  4 worms
  5 dart slugs
  4 leopard geckos
  23 orcs
  7 giant cockroaches
  9 hobgoblins
  9 jackals
  4 quokkas
  2 ball pythons
  9 bats
  8 frilled lizards
  4 goblins
  A jackal zombie (D:5)
  3 kobolds
  A quokka zombie (D:6)
  7 rats
202 creatures vanquished.

Vanquished Creatures (others)
  A hound (D:10)
1 creature vanquished.

Grand Total: 203 creatures vanquished

Notes
Turn   | Place    | Note
-------+----------+-------------------------------------------
     0 | D:1      | H0rd4k the Octopode Transmuter began the quest for the Orb.
     0 | D:1      | Reached XP level 1. HP: 13/13 MP: 3/3
   134 | D:1      | Reached XP level 2. HP: 18/18 MP: 5/5
   587 | D:1      | Reached XP level 3. HP: 12/23 MP: 6/6
   598 | D:1      | Learned a level 2 spell: Sticks to Snakes
   602 | D:1      | Learned a level 3 spell: Spider Form
  1512 | D:2      | Reached skill level 1 in Stealth
  1912 | D:2      | Reached XP level 4. HP: 25/28 MP: 5/7
  2590 | D:3      | Noticed an ogre
  2651 | D:3      | Noticed Natasha
  2662 | D:3      | Killed Natasha
  2662 | D:3      | Reached XP level 5. HP: 33/33 MP: 5/8
  2753 | D:3      | Reached skill level 4 in Unarmed Combat
  2756 | D:3      | Killed an ogre
  2762 | D:3      | Reached XP level 6. HP: 30/38 MP: 3/10
  2909 | D:3      | Noticed Natasha
  2936 | D:3      | Killed Natasha
  3155 | D:3      | Noticed Natasha
  3161 | D:3      | Killed Natasha
  3245 | D:3      | Found a glowing silver altar of Zin.
  3597 | D:4      | Found a staircase to the Ecumenical Temple.
  3610 | Temple   | Entered the Ecumenical Temple
  3625 | D:4      | Noticed a phantom
  3655 | D:4      | Killed a phantom
  3655 | D:4      | Reached skill level 5 in Unarmed Combat
  4175 | Temple   | Became a worshipper of Gozag Ym Sagoz the Greedy
  4387 | D:4      | Noticed a phantom
  4398 | D:4      | Reached XP level 7. HP: 38/43 MP: 9/11
  4983 | D:4      | HP: 1/44 [phantom (8)]
  4986 | D:5      | Entered Level 5 of the Dungeon
  5216 | D:6      | HP: 1/44 [bullfrog (8)]
  5836 | D:5      | Reached XP level 8. HP: 45/50 MP: 13/13
  6088 | D:4      | Reached skill level 6 in Unarmed Combat
  7147 | D:6      | Reached skill level 1 in Poison Magic
  7156 | D:6      | HP: 2/50 [something/magic dart (7)]
  7954 | D:6      | Reached skill level 7 in Unarmed Combat
  7955 | D:6      | Found Biuczium's Weapon Shoppe.
  7960 | D:6      | Reached skill level 5 in Spellcasting
  8227 | D:6      | Reached XP level 9. HP: 36/55 MP: 14/16
  8408 | D:6      | Reached skill level 5 in Transmutations
  8694 | D:7      | Reached skill level 5 in Stealth
 10240 | D:8      | Noticed Harold
 10253 | D:8      | Reached skill level 8 in Unarmed Combat
 10312 | D:8      | Learned a level 5 spell: Blade Hands
 11483 | D:9      | Reached XP level 10. HP: 59/62 MP: 19/19
 11540 | D:9      | Reached skill level 5 in Dodging
 12290 | D:9      | Found a sparkling altar of Nemelex Xobeh.
 12677 | D:10     | Entered Level 10 of the Dungeon
 12710 | D:10     | Reached skill level 9 in Unarmed Combat
 13375 | D:10     | HP: 3/63 [raiju (shapeshifter)/living lightning (20)]
 13379 | D:10     | Slain by a wyvern skeleton

Illustrated notes

Levels and vault maps discovered:
D:1:      lightli_arrival_chessboard, layout_loops_ring
D:2:      layout_loops_ring
D:3:      layout_loops_ring, lemuel_round_altar, first_ration,
          chequers_mini_garden, uniq_natasha
D:4:      layout_basic, minmay_temple_entry_metal_lava
D:5:      layout_loops_ring, st_stairs_2
D:6:      layout_basic, serial_shops, shop
D:7:      layout_cave_pods
D:8:      layout_gridville, uniq_harold
D:9:      layout_basic, the_bakery, nemelex_diamond_rough_becter
D:10:     minmay_the_grid_square_5x5_4x4 [minmay_the_grid_square_5x5_meh,
          minmay_the_grid_square_5x5_c, minmay_the_grid_square_5x5_three,
          minmay_the_grid_square_5x5_comb,
          minmay_the_grid_square_5x5_three_walls,
          minmay_the_grid_square_5x5_prize_waves,
          minmay_the_grid_square_5x5_prize_deathbox,
          minmay_the_grid_square_5x5_corner, minmay_the_grid_square_5x5_six,
          minmay_the_grid_square_5x5_prize_monsterx,
          minmay_the_grid_square_5x5_prize_snowflake,
          minmay_the_grid_square_5x5_empty,
          minmay_the_grid_square_5x5_checkered,
          minmay_the_grid_square_5x5_bridge, minmay_the_grid_square_5x5_mess,
          minmay_the_grid_square_5x5_minibox], layout_basic, serial_undead,
          serial_undead_d, serial_undead_b, serial_undead_e, serial_undead_e,
          serial_undead_c, serial_undead_d, serial_undead_d, serial_undead_e,
          serial_undead_f, serial_undead_c, minmay_ruffians
Temple:   kilobyte_greek_temple

Skill      XL: |  1  2  3  4  5  6  7  8  9 10 |
---------------+-------------------------------+-----
Stealth        | 1 2 3 4 6 |  6.6
Unarmed Combat | 4 5 7 8 9 |  9.6
Dodging        | 3 4 5 |  5.1
Transmutations | 3 4 5 6 |  6.4
Spellcasting   | 3 5 6 |  6.7
Fighting       | 2 3 |  3.0
Poison Magic   | 1 |  1.8
Evocations     | |  0.3

Action                   |  1- 3 |  4- 6 |  7- 9 | 10-12 || total
-------------------------+-------+-------+-------+-------++-------
Melee: Unarmed           |   121 |   128 |   382 |    92 ||   723
       Constrict         |    26 |    25 |    49 |    17 ||   117
       Tentacles         |    16 |    24 |    39 |    18 ||    97
       Kick              |     7 |    17 |    46 |    19 ||    89
       Punch             |     3 |     1 |    12 |     3 ||    19
 Cast: Beastly Appendage |     3 |    10 |    33 |     9 ||    55
       Spider Form       |       |     1 |    11 |     2 ||    14
       Sticks to Snakes  |       |       |       |     3 ||     3
Evoke: Wand              |       |       |       |    13 ||    13
  Use: Potion            |       |       |     1 |     3 ||     4
       Scroll            |       |       |     6 |       ||     6
 Stab: Sleeping          |    10 |    12 |    11 |     2 ||    35
       Distracted        |       |     1 |     3 |       ||     4
  Eat: Chunk             |     2 |     9 |       |     1 ||    12
       Ration            |       |       |     7 |     1 ||     8
Armor: Skin              |    10 |     5 |    13 |       ||    28
Dodge: Dodged            |    71 |    59 |   235 |    46 ||   411
